 Dungeon Crawl Stone Soup version 0.27.0-1-g7a089689b8 (webtiles) character file.

Game seed: 10127311729532171962

265 ZARRMARR the Digger (level 5, -2/40 HPs)
             Began as a Draconian Earth Elementalist on Aug 3, 2021.
             Was an Initiate of Vehumet.
             Slain by Eustachio (4 damage)
             ... on level 4 of the Dungeon.
             The game lasted 00:19:35 (4741 turns).

ZARRMARR the Digger (Draconian Earth Elementalist)  Turns: 4741, Time: 00:19:36

Health: -2/40      AC:  6    Str: 10    XL:     5   Next: 99%
Magic:  7/10       EV: 12    Int: 17    God:    Vehumet [......]
Gold:   299        SH:  0    Dex: 11    Spells: 9/10 levels left

rFire    . . .     SeeInvis .   d - +0 scimitar
rCold    . . .     Faith    .   (no shield)
rNeg     . . .     Spirit   .   (armour unavailable)
rPois    .         Reflect  .   (helmet restricted)
rElec    .         Harm     .   (no cloak)
rCorr    .         Rampage  .   h - +0 pair of gloves
Will     .....                  (no boots)
Stlth    ++........             (no amulet)
HPRegen  0.13/turn              (no ring)
MPRegen  0.12/turn              (no ring)

@: hasted (expiring), very quick
A: AC +5, unfitting armour, cold-blooded
a: Renounce Religion


You were on level 4 of the Dungeon.
You worshipped Vehumet.
Vehumet was noncommittal.
You visited 1 branch of the dungeon, and saw 4 of its levels.

You collected 299 gold pieces.

Inventory:

Hand Weapons
 d - a +0 scimitar (weapon)
 f - a +0 double sword
 j - a +1 hand axe of distortion
 o - a +1 vorpal trident
Missiles
 b - 129 stones
 n - 7 poisoned darts (quivered)
Armour
 h - a +0 pair of gloves (worn)
Wands
 p - a wand of flame (12)
Scrolls
 a - a scroll of noise
 c - 2 scrolls of immolation {unknown}
 e - a scroll of amnesia
 i - a scroll of enchant weapon
 m - a scroll of fog {unknown}
 q - a scroll of acquirement {unknown}
Potions
 g - a potion of attraction {unknown}
 k - a potion of resistance {unknown}


   Skills:
 + Level 1.5 Fighting
 + Level 2.6 Long Blades
 + Level 1.1 Throwing
 + Level 1.8 Dodging
 + Level 2.1 Stealth
 + Level 3.3 Spellcasting
 + Level 1.0 Transmutations
 + Level 4.3 Earth Magic


You had 9 spell levels left.
You knew the following spells:

 Your Spells              Type           Power      Damage    Failure   Level
a - Sandblast             Erth           34%        2d9       2%          1

Your spell library contained the following spells:

 Spells                   Type           Power      Damage    Failure   Level
 Passwall                 Tmut/Erth      9%         N/A       9%          2
 Corona                   Hex            2%         N/A       17%         1
 Stone Arrow              Conj/Erth      20%        3d8       21%         3
 Ensorcelled Hibernation  Hex/Ice        4%         N/A       26%         2
 Tukima's Dance           Hex            2%         N/A       45%         3
 Petrify                  Tmut/Erth      11%        N/A       50%         4


Dungeon Overview and Level Annotations

Branches:
Dungeon (4/15)
 Temple: D:4-7

Altars:
Cheibriados
Vehumet
Beogh

Shops:
D:1 =

Annotations:
D:3 3 runed translucent doors, shummie's ghost, amateur BaCK
D:4 Eustachio


Innate Abilities, Weirdness & Mutations

Your plain brown scales are hard. (AC +5)
You cannot fit into any form of body armour.
You are cold-blooded and may be slowed by cold attacks.


Message History

Press: ? - help, Q - select action, (/) - cycle Shift-Dir - straight line, f/p - Eustachio
Aim: Eustachio, wielding a +0 rapier and wearing a +0 leather armour (heavily wounded, poisoned, 41% to hit)
You throw a poisoned dart.
The poisoned dart barely misses Eustachio.
Eustachio mumbles some strange words.
Eustachio blinks!
Unknown command.
Throw: 8 darts (poison)
Press: ? - help, Q - select action, (/) - cycle Shift-Dir - straight line, f/p - Eustachio
Aim: Eustachio, wielding a +0 rapier and wearing a +0 leather armour (severely wounded, poisoned, 41% to hit)
You throw a poisoned dart.
The poisoned dart barely misses Eustachio.
Casting: Sandblast (safe; 2% risk of failure)
Confirm with . or Enter, or press ? or * to list all spells.
Aiming: Sandblast (safe; 2% risk of failure)
Press: ? - help, Shift-Dir - straight line, f/p - Eustachio
Aim: Eustachio, wielding a +0 rapier and wearing a +0 leather armour (severely wounded, poisoned, 71% to hit)
The blast of sand hits Eustachio but does no damage.
Eustachio is severely wounded.
b - 130 stones
Casting: Sandblast (safe; 2% risk of failure)
Confirm with . or Enter, or press ? or * to list all spells.
Aiming: Sandblast (safe; 2% risk of failure)
Press: ? - help, Shift-Dir - straight line, f/p - Eustachio
Aim: Eustachio, wielding a +0 rapier and wearing a +0 leather armour (severely wounded, poisoned, 71% to hit)
The blast of sand misses Eustachio.
b - 129 stones You closely miss Eustachio.
Your tail-slap misses Eustachio.
Eustachio is severely wounded.
Eustachio hits you with a +0 rapier.
* * * LOW HITPOINT WARNING * * *
You miss Eustachio.
Eustachio is severely wounded.
Your extra speed is starting to run out.
Eustachio hits you with a +0 rapier.
* * * LOW HITPOINT WARNING * * *
You barely miss Eustachio.
Eustachio is severely wounded.
Eustachio hits you with a +0 rapier.
You die...

#.#
#####..####.####
#.# #..# #.# #.#
#..# #.# #.#####
#..# #.# #.....#
#..# #.#
#...####.# #..
#.# .### #(.#
#.# #...###.# #
#.@@..# #
#.(.##### # #.#.
# # #. # #. # #.
# #. # .. # #


You could see Eustachio (poisoned).

Vanquished Creatures
  A scorpion (D:4)
  A howler monkey (D:4)
  Ijyb (D:4)
  A howler monkey skeleton (D:2)
  6 adders
  An adder skeleton (D:4)
  3 worms (D:2)
  2 dart slugs
  3 orcs
  2 ball pythons
  10 endoplasms
  3 giant cockroaches
  5 goblins
  4 hobgoblins
  4 jackals (D:1)
  5 bats
  2 frilled lizards
  5 kobolds
  4 rats
63 creatures vanquished.

Vanquished Creatures (others)
  4 demonic plants (D:1)
  3 fungi (D:1)
  8 plants (D:1)
  4 toadstools (D:1)
  5 withered plants (D:1)
24 creatures vanquished.

Grand Total: 87 creatures vanquished

Notes
Turn   | Place    | Note
-------+----------+-------------------------------------------
     0 | D:1      | ZARRMARR the Draconian Earth Elementalist began the quest
                  | for the Orb.
     0 | D:1      | Reached XP level 1. HP: 14/14 MP: 3/3
   392 | D:1      | Reached XP level 2. HP: 20/20 MP: 3/5
   835 | D:1      | Found a faded altar of an unknown god.
   863 | D:1      | Found Loimaukusk's Jewellery Boutique.
  1538 | D:2      | Reached skill level 1 in Long Blades
  1538 | D:2      | Reached XP level 3. HP: 23/26 MP: 4/6
  2551 | D:3      | Found a runed translucent gate.
  2552 | D:3      | Found a runed translucent gate.
  2553 | D:3      | Found a runed translucent gate.
  2554 | D:3      | Noticed shummie's ghost (amateur BaCK)
  2554 | D:3      | Identified the +6 hunting sling of Moderation {speed,
                  | Int+5}
  2554 | D:3      | Identified the +2 ring mail of Sobumam {rElec Int+4}
  2710 | D:3      | Found a radiant altar of Vehumet.
  2758 | D:3      | Reached skill level 1 in Fighting
  2758 | D:3      | Reached XP level 4. HP: 31/35 MP: 8/8
  3582 | D:3      | Became a worshipper of Vehumet
  3755 | D:4      | Reached skill level 4 in Earth Magic
  4018 | D:4      | Reached XP level 5. HP: 34/40 MP: 6/9
  4043 | D:4      | Noticed an ogre
  4236 | D:4      | Found a snail-covered altar of Cheibriados.
  4364 | D:4      | Noticed Ijyb
  4370 | D:4      | Killed Ijyb
  4487 | D:4      | Reached skill level 1 in Throwing
  4689 | D:4      | Noticed Eustachio
  4740 | D:4      | HP: 2/40 [Eustachio (1)]
  4741 | D:4      | Slain by Eustachio

Illustrated notes

Levels and vault maps discovered:
D:1:      ldierk_walled_garden_2, layout_loops_corners,
          shapermc_ecumenical_altar_gd, serial_shops, nicolae_diamond_shop
D:2:      layout_basic
D:3:      layout_loops_ring, mainiacjoe_overflow_paths,
          biasface_ghost_orc_armoury
D:4:      minmay_polygon_palace, layout_loops_ring, old_standard_altar,
          uniq_eustachio, uniq_sigmund, uniq_ijyb

Skill      XL: |  1  2  3  4  5 |
---------------+----------------+-----
Long Blades    | 1 2 |  2.6
Fighting       | 1 |  1.5
Stealth        | 2 |  2.1
Earth Magic    | 4 |  4.3
Spellcasting   | 3 |  3.3
Throwing       | 1 |  1.1
Dodging        | |  1.8
Transmutations | |  1.0

Action                   |  1- 3 |  4- 6 || total
-------------------------+-------+-------++-------
Melee: Scimitar          |    37 |    75 ||   112
       Tailslap          |     5 |     2 ||     7
Throw: Stone             |     9 |       ||     9
       Dart              |     2 |    36 ||    38
 Cast: Sandblast         |    34 |    41 ||    75
  Use: Scroll            |     3 |     2 ||     5
       Potion            |       |     1 ||     1
 Stab: Sleeping          |     1 |       ||     1
Armor: Skin              |    23 |    22 ||    45
Dodge: Dodged            |    32 |    53 ||    85
       Rpst.: Scimitar   |    12 |    21 ||    33
